 Dungeon Crawl Stone Soup version 0.24-a0-218-ga595e75 (console) character file.

Game seed: 13897093505075302491

199 bli the Magician (level 5, -4/37 HPs)
             Began as a Barachi Ice Elementalist on Mar 30, 2019.
             Was an Initiate of Uskayaw.
             Slain by a phantom (9 damage)
             ... on level 4 of the Dungeon.
             The game lasted 00:15:03 (4405 turns).

bli the Magician (Barachi Ice Elementalist)         Turns: 4405, Time: 00:15:04

Health: -4/37      AC:  2    Str: 13    XL:     5   Next: 77%
Magic:  9/12       EV: 13    Int: 16    God:    Uskayaw [......]
Gold:   103        SH:  0    Dex: 15    Spells: 10/13 levels left

rFire    + . .     SeeInvis .   a - +0 rapier
rCold    . . .     Gourm    .   (no shield)
rNeg     . . .     Faith    .   t - +0 robe
rPois    .         Spirit   .   (no helmet)
rElec    .         Reflect  .   (no cloak)
rCorr    .         Harm     .   (no gloves)
MR       +....     NoTele   +   (no boots)
Stlth    ++........             (no amulet)
HPRegen  0.12/turn              j - +2 ring of dexterity
MPRegen  0.13/turn              w - ring of Foolhardiness {-Tele rF+ MR+ Str+4}

@: slow
A: +LOS, swims, slowness 1, strong legs 1
a: Hop, Renounce Religion


You were on level 4 of the Dungeon.
You worshipped Uskayaw.
Uskayaw was noncommittal.
You were very hungry.

You visited 1 branch of the dungeon, and saw 4 of its levels.

You collected 103 gold pieces.

Inventory:

Hand Weapons
 a - a +0 rapier (weapon)
 h - a +0 dagger
Missiles
 e - 43 arrows
 i - 37 poisoned needles
 n - 85 stones (quivered)
 o - 8 javelins
Armour
 p - a +0 leather armour
 t - a +0 robe (worn)
Jewellery
 j - a +2 ring of dexterity (left hand)
 l - an uncursed ring of positive energy
 w - the ring of Foolhardiness (right hand) {-Tele rF+ MR+ Str+4}
   (You found it on level 4 of the Dungeon)

   [ring of protection from magic]

   It affects your strength (+4).
   It protects you from fire.
   It affects your resistance to hostile enchantments.
   It prevents most forms of teleportation.
Scrolls
 b - 5 scrolls of teleportation {unknown}
 d - 6 scrolls of identify {unknown}
 f - 5 scrolls of remove curse {unknown}
 g - 2 scrolls of magic mapping {unknown}
 m - a scroll of noise {unknown}
 v - a scroll of amnesia {unknown}
Potions
 k - 2 potions of lignification {unknown}
 q - a potion of flight {unknown}
 r - 2 potions of might {unknown}
 s - a potion of curing {unknown}
 u - 2 potions of magic {unknown}
 x - a potion of degeneration {unknown}
 z - a potion of brilliance {unknown}
Comestibles
 c - 7 rations


   Skills:
 + Level 1.4 Fighting
 + Level 2.5 Dodging
 + Level 2.5 Stealth
 * Level 4.7 Spellcasting
 + Level 1.1 Conjurations
 + Level 4.5 Ice Magic


You had 10 spell levels left.
You knew the following spells:

 Your Spells              Type           Power        Failure   Level  Hunger
a - Freeze                Ice            ###.         2%          1    None
b - Throw Frost           Conj/Ice       ##....       8%          2    ##.....

Your spell library contained the following spells:

 Spells                   Type           Power        Failure   Level  Hunger
 Ozocubu's Armour         Chrm/Ice       ##......     19%         3    ###....
 Throw Icicle             Conj/Ice       ##......     45%         4    ####...
 Summon Ice Beast         Ice/Summ       ##......     52%         4    ####...


Dungeon Overview and Level Annotations

Branches:
Dungeon (4/15)
 Temple: D:4-7

Altars:
Kikubaaqudgha
Makhleb
Qazlal
Uskayaw
Wu Jian
Xom
The Shining One


Innate Abilities, Weirdness & Mutations

Shadows flee at your approach. (+LOS)
You can swim through water.
You cover ground slowly.
You can hop short distances.


Message History

You barely miss the phantom.
The phantom is lightly damaged.
The phantom blinks!
You see here a metallic orange potion.
z - a metallic orange potion You stomp with the beat, sending a shockwave through the revelers around you!
The phantom is moderately damaged.
You feel somewhat more hungry.
You can no longer stomp with the beat.
The phantom misses you.
You barely miss the phantom.
The phantom is moderately damaged.
The phantom hits you.
* * * LOW HITPOINT WARNING * * *
You closely miss the phantom.
The phantom is moderately damaged.
The phantom hits you.
* * * LOW HITPOINT WARNING * * *
The phantom hits you!
You die...

S.W....#...##.....##.........##..
.......'...##....).#.........###'
o......#...####......##..........
#..... #...# #######.##......##..
##... #...###...###.##......##..
### #...##.....##.........##..
#...#.......#.........####
#...'.......#.............
#...#.......#.##########..
#...##...W.######.....##..
.....###?.@###.........####
####################.........#...
.......#.....................'...
.......########'##########+###...
.......^.........................
#######..........................
#.......................###
#.......................'..
#.......................#..
#.......#######'#########..
#.......#..................


You could see a phantom.

Vanquished Creatures
  A hound (D:2)
  Terence (D:1)
  A worker ant zombie (D:3)
  A gnoll (D:1)
  An adder (D:3)
  An ooze (D:3)
  4 worms
  4 dart slugs
  3 leopard geckos
  An orc (D:4)
  3 ball pythons
  7 giant cockroaches
  6 goblins
  12 hobgoblins
  5 jackals
  4 kobolds
  5 quokkas
  4 bats (D:2)
  10 frilled lizards
  13 rats
87 creatures vanquished.

Vanquished Creatures (others)
  A human (D:2)
1 creature vanquished.

Grand Total: 88 creatures vanquished

Notes
Turn   | Place    | Note
-------+----------+-------------------------------------------
     0 | D:1      | bli the Barachi Ice Elementalist began the quest for the
                  | Orb.
     0 | D:1      | Reached XP level 1. HP: 13/13 MP: 3/3
   384 | D:1      | Reached XP level 2. HP: 16/20 MP: 2/5
   632 | D:1      | Reached XP level 3. HP: 14/25 MP: 3/7
  1292 | D:2      | Noticed Terence
  1303 | D:1      | Killed Terence
  1303 | D:1      | Reached XP level 4. HP: 3/31 MP: 2/10
  1738 | D:2      | Reached skill level 1 in Fighting
  1962 | D:2      | Found a burning altar of Makhleb.
  2271 | D:2      | Learned a level 2 spell: Throw Frost
  2318 | D:2      | Found a shimmering altar of Xom.
  2425 | D:2      | Reached XP level 5. HP: 33/37 MP: 3/11
  2488 | D:2      | Found a faded altar of an unknown god.
  2497 | D:2      | Became a worshipper of Uskayaw the Reveler
  2497 | D:2      | Reached * piety under Uskayaw
  2521 | D:2      | Found an ancient bone altar of Kikubaaqudgha.
  2522 | D:2      | Noticed a human
  2524 | D:2      | Killed a human
  2675 | D:3      | Reached ** piety under Uskayaw
  3099 | D:3      | Found a stormy altar of Qazlal.
  3197 | D:3      | Found a glowing golden altar of the Shining One.
  3753 | D:3      | Found an ornate altar of the Wu Jian Council.
  4363 | D:4      | Noticed a phantom
  4384 | D:4      | Got a vibrating copper ring
  4386 | D:4      | Identified the ring of Foolhardiness {-Tele rF+ MR+ Str+4}
                  | (You found it on level 4 of the Dungeon)
  4405 | D:4      | Slain by a phantom

Levels and vault maps discovered:
D:1:      roderic_dead_forest, layout_basic, minmay_misc_feat_ornament,
          st_stairs_10
D:2:      minmay_chambers_of_ones, layout_rooms, overflow_temple_1_default,
          old_standard_altar, first_ration, chequers_ecumenical_altar_simple,
          tgw_kikubaaqudgha, uniq_terence
D:3:      layout_basic, marbit_many_paths, nicolae_overflow_crystal_walls,
          nicolae_tso_swordbearing_angel
D:4:      minmay_opposing_rooms, layout_gridville, serial_shops, shop

Skill      XL: |  1  2  3  4 |
---------------+-------------+-----
Spellcasting   | 3 4 |  4.7
Stealth        | 2 |  2.5
Fighting       | 1 |  1.4
Ice Magic      | 4 |  4.5
Dodging        | |  2.5
Conjurations   | |  1.1

Action                   |  1- 3 |  4- 6 || total
-------------------------+-------+-------++-------
Melee: Unarmed           |    12 |       ||    12
       Dagger            |    18 |   127 ||   145
       Rapier            |       |    31 ||    31
Throw: Stone             |       |     4 ||     4
 Cast: Freeze            |    31 |    72 ||   103
       Throw Frost       |       |     4 ||     4
Invok: Stomp             |       |     3 ||     3
       Line Pass         |       |     1 ||     1
 Abil: Hop               |     1 |       ||     1
 Stab: Sleeping          |     6 |    10 ||    16
  Eat: Chunk             |     1 |    11 ||    12
Armor: Robe              |     3 |    25 ||    28
Dodge: Dodged            |    31 |   161 ||   192

Table legend:
 A = Non-vault XP
 B = Vault XP
 C = Vault XP percentage of total XP
 D = Non-vault monster count
 E = Vault monster count
 F = Vault count percentage of total count
                 A         B        C        D         E       F
            +---------+---------+-------+---------+---------+-------
      Total |     217 |      68 |  23.9 |      75 |      12 |  13.8
            +---------+---------+-------+---------+---------+-------
        D:1 |      42 |      55 |  56.7 |      24 |       4 |  14.3
        D:2 |      91 |       6 |   6.2 |      23 |       5 |  17.9
        D:3 |      84 |       2 |   2.3 |      28 |       1 |   3.4
        D:4 |       0 |       5 | 100.0 |       0 |       2 | 100.0
            +---------+---------+-------+---------+---------+-------
